 Dungeon Crawl Stone Soup version 0.28.0-43-g3370ac3207 (webtiles) character file.

Game seed: 15594967158639793696

4323 croobank the Cleaver (level 10, -1/91 HPs)
             Began as a Hill Orc Fighter on Mar 15, 2022.
             Was a Follower of Beogh.
             Slain by Harold
             ... wielding a +0 flail
              (14 damage)
             ... on level 8 of the Dungeon.
             The game lasted 00:34:53 (10788 turns).

croobank the Cleaver (Hill Orc Fighter)            Turns: 10788, Time: 00:34:53

Health: -1/91      AC:  9    Str: 24    XL:     10   Next: 33%
Magic:  14/14      EV: 11    Int:  8    God:    Beogh [*.....]
Gold:   248        SH:  5    Dex: 10    Spells: 9/9 levels left

rFire   . . .      SeeInvis .   a - +1 war axe
rCold   . . .      Faith    .   c - +0 buckler
rNeg    . . .      Spirit   .   k - +0 steam dragon scales
rPois   .          Reflect  .   (no helmet)
rElec   .          Harm     .   F - +0 cloak
rCorr   .          Rampage  .   H - +0 pair of gloves {hurl}
Will    .....                   (no boots)
Stlth   +.........              (no amulet)
HPRegen 0.25/turn               (no ring)
MPRegen 0.14/turn               (no ring)

@: marked
A: no striking features
a: Renounce Religion


You were on level 8 of the Dungeon.
You worshipped Beogh.
Beogh was aware of your devotion.
You visited 1 branch of the dungeon, and saw 8 of its levels.
You also visited: Sewer.

You collected 314 gold pieces.
You spent 66 gold pieces at shops.

Inventory:

Hand Weapons
 a - a +1 war axe (weapon)
 j - a +0 hand crossbow
 l - a +4 mace
 m - a +2 scimitar
 w - a +0 falchion
 x - a +0 dire flail
 C - a +0 shortbow
 D - a +2 hand axe
 E - a +5 spear
Missiles
 d - 6 boomerangs
 g - 171 stones
 h - 22 bolts
 o - 20 poisoned darts
 p - 4 curare-tipped darts
 s - 198 arrows
 t - 57 sling bullets
 u - 5 javelins (quivered)
Armour
 b - a +0 scale mail
 c - a +0 buckler (worn)
 i - a +0 chain mail
 k - +0 steam dragon scales (worn)
 v - a +0 plate armour
 F - a +0 cloak (worn)
 H - a +0 pair of gloves of hurling (worn)
Wands
 n - a wand of flame (8)
Scrolls
 e - a scroll of teleportation
Potions
 q - a potion of cancellation {unknown}
 r - a potion of brilliance
 B - a potion of attraction
 G - 2 potions of flight


   Skills:
 + Level 9.2 Fighting
 + Level 9.6 Axes
 + Level 8.3 Armour
 + Level 8.5 Shields
 + Level 5.5 Invocations


You had 9 spell levels left.
You didn't know any spells.
Your spell library contained the following spells:

 Spells                   Type           Power      Damage    Failure   Level
 Shock                    Conj/Air       0%         1d3       47%         1
 Summon Small Mammal      Summ           0%         N/A       47%         1
 Sublimation of Blood     Necr           0%         N/A       63%         2
 Wereblood                Tmut           0%         N/A       63%         2
 Call Canine Familiar     Summ           0%         N/A       85%         3
 Summon Guardian Golem    Hex/Summ       0%         N/A       85%         3
 Petrify                  Tmut/Erth      0%         N/A       99%         4
 Metabolic Englaciation   Hex/Ice        0%         N/A       100%        5
 Statue Form              Tmut/Erth      0%         N/A       100%        6
 Summon Hydra             Summ           0%         N/A       100%        7


Dungeon Overview and Level Annotations

Branches:
Dungeon (8/15)             Temple (0/1) D:7           Sewer (visited)
   Lair: D:8-11

Altars:
Dithmenos
Elyvilon
Kikubaaqudgha
Nemelex Xobeh
Okawaru
Ru
Sif Muna
Vehumet

Shops:
D:2 :   D:3 ?(=

Annotations:
D:2 1 runed translucent door, Crazy Yiuf
D:7 3 runed translucent doors, Jenx's ghost, novice MiBe; Maggie
D:8 Harold; Psyche


Message History

You barely miss Harold.
Harold is severely wounded.
Harold points at you and mumbles some strange words.
The mark upon you grows brighter.
You hit Harold but do no damage.
Harold is severely wounded.
Harold gestures at you while chanting. The mark upon you grows brighter.
You hit Harold but do no damage.
Harold is severely wounded.
Harold casts a spell at you. The mark upon you grows brighter.
You barely miss Harold.
Harold is severely wounded.
Harold hits you with a +0 flail!
* * * LOW HITPOINT WARNING * * *
You hit Harold but do no damage.
Harold is severely wounded.
Harold closely misses you.
You hit Harold.
Harold is severely wounded.
Harold points at you and mumbles some strange words.
The mark upon you grows brighter.
You barely miss Harold.
Harold is severely wounded.
Harold gestures at you while chanting. The mark upon you grows brighter.
You hit Harold.
Harold is almost dead.
Harold says, "Listen, it's nothing personal.
It's just a job."
Harold casts a spell at you. The mark upon you grows brighter.
You barely miss Harold.
Harold is almost dead.
Harold hits you with a +0 flail!
* * * LOW HITPOINT WARNING * * *
You slash Harold!
Harold is almost dead.
Harold hits you with a +0 flail!
You die...

... ###. ....
.... .... ..!.#
.....## ....#
.....#.##
......
#.$...###.....#
#.##...#......#
#.##..#@# ###
#.....#@# #..
#.......# #.#
#####.###
#########.# #.#
..........# #.#
########..# #.#
#..# #.# #..#
#.###### ##..#
#.##...##
##.#.#


You could see Harold.

Vanquished Creatures
  A centaur zombie (D:6)
  Prince Ribbit (D:6)
  A hornet (D:7)
  Grinder (D:3)
  A steam dragon (D:7)
  Edmund (D:6)
  Duvessa (D:4)
  2 ice beasts (D:6)
  3 black bears
  A necrophage (D:7)
  5 centaurs
  2 ogres
  2 phantoms
  3 kobold brigands (Sewer)
  A bullfrog (D:8)
  3 scorpions
  A water moccasin zombie (D:3)
  6 killer bees (D:7)
  Dowan (D:4)
  4 wights (D:7)
  A howler monkey (D:4)
  A bullfrog zombie (D:7)
  2 orc priests (D:6)
  4 bullfrog skeletons
  5 hounds
  A jelly (D:6)
  A centaur skeleton (D:4)
  6 orc wizards
  An iguana (D:5)
  A gnoll (D:1)
  A howler monkey zombie (D:6)
  11 adders
  A howler monkey skeleton (D:7)
  A river rat (Sewer)
  A shadow imp (D:7)
  An adder skeleton (D:4)
  4 worms
  3 dart slugs
  11 orcs
  7 bats
  10 endoplasms
  5 giant cockroaches
  7 goblins
  6 hobgoblins
  4 jackals (D:1)
  4 kobolds
  4 quokkas
  19 ball pythons
  2 frilled lizards
  18 rats
184 creatures vanquished.

Vanquished Creatures (others)
  A bullfrog (D:6)
  An orc priest (D:6)
  An adder (D:6)
  An orc (D:6)
4 creatures vanquished.

Grand Total: 188 creatures vanquished

Notes
Turn   | Place    | Note
-------+----------+-------------------------------------------
     0 | D:1      | croobank the Hill Orc Fighter began the quest for the Orb.
     0 | D:1      | Reached XP level 1. HP: 19/19 MP: 1/1
   327 | D:1      | Reached XP level 2. HP: 27/27 MP: 2/2
   585 | D:1      | Reached XP level 3. HP: 32/33 MP: 3/3
  1269 | D:2      | Reached XP level 4. HP: 21/40 MP: 4/4
  1573 | D:2      | Found Osootuv's Book Shoppe.
  1816 | D:2      | Found a white marble altar of Elyvilon.
  2127 | D:2      | Found a runed translucent door.
  2128 | D:2      | Noticed Crazy Yiuf
  2238 | D:3      | Noticed a scorpion
  2250 | D:3      | Killed a scorpion
  2251 | D:3      | Reached XP level 5. HP: 22/47 MP: 5/5
  2396 | D:3      | Found a glowing drain.
  2411 | Sewer    | Entered a sewer
  2735 | Sewer    | Noticed a kobold brigand
  2760 | Sewer    | Killed a kobold brigand
  2761 | Sewer    | Reached skill level 5 in Fighting
  2761 | Sewer    | Reached XP level 6. HP: 22/56 MP: 6/6
  3092 | Sewer    | Reached skill level 5 in Axes
  3476 | Sewer    | Reached skill level 5 in Armour
  3476 | Sewer    | Reached skill level 5 in Shields
  3492 | Sewer    | Reached XP level 7. HP: 56/61 MP: 7/7
  3621 | D:3      | Found Jeczufoi's Jewellery Shoppe.
  3721 | D:3      | Noticed Grinder
  3726 | D:3      | Killed Grinder
  3735 | D:3      | Found Zus Zuuv's Weapon Emporium.
  3737 | D:3      | Found Vyinup's Magic Scroll Boutique.
  3890 | D:3      | Found a faded altar of an unknown god.
  4169 | D:3      | Reached XP level 8. HP: 59/71 MP: 8/8
  4360 | D:3      | Bought a scroll of identify for 22 gold pieces
  4360 | D:3      | Bought a scroll of identify for 22 gold pieces
  4360 | D:3      | Bought a scroll of identify for 22 gold pieces
  4567 | D:4      | Noticed Dowan
  4567 | D:4      | Noticed Duvessa
  4578 | D:4      | Killed Duvessa
  4588 | D:4      | Killed Dowan
  4981 | D:4      | Found a radiant altar of Vehumet.
  4996 | D:4      | Got Vehumet's Disquisition on Confrontation
  5047 | D:4      | Found an ancient bone altar of Kikubaaqudgha.
  5057 | D:4      | Found a shimmering blue altar of Sif Muna.
  5503 | D:5      | Entered Level 5 of the Dungeon
  5875 | D:5      | Reached skill level 1 in Invocations
  5875 | D:5      | Reached XP level 9. HP: 70/79 MP: 9/9
  6096 | D:5      | Identified the -3 pair of gloves of Amorality {MP+9}
  6816 | D:6      | Became a worshipper of Beogh the Brigand
  7203 | D:6      | Noticed Edmund
  7228 | D:6      | Killed Edmund
  8034 | D:6      | Found a sparkling altar of Nemelex Xobeh.
  8034 | D:6      | Found a sacrificial altar of Ru.
  8041 | D:6      | Found an iron altar of Okawaru.
  8043 | D:6      | Found a faded altar of an unknown god.
  8045 | D:6      | Found a shadowy altar of Dithmenos.
  8047 | D:6      | Noticed Prince Ribbit
  8058 | D:6      | Killed Prince Ribbit
  8368 | D:6      | Reached XP level 10. HP: 63/90 MP: 13/13
  8840 | D:7      | Noticed Jenx's ghost (novice MiBe)
  8841 | D:7      | Found a runed translucent gate.
  8845 | D:7      | Found a runed translucent gate.
  8845 | D:7      | Found a runed translucent gate.
  9637 | D:7      | Reached skill level 5 in Invocations
  9792 | D:7      | Found a staircase to the Ecumenical Temple.
 10480 | D:7      | Reached * piety under Beogh
 10483 | D:7      | Noticed Maggie
 10551 | D:8      | Noticed Psyche
 10773 | D:8      | Noticed Harold
 10788 | D:8      | Slain by Harold

Illustrated notes

Levels and vault maps discovered:
D:1:      dpeg_arrival_subterranean_lakeside_camping, layout_loops_corners,
          minmay_cupped
D:2:      layout_loops_cross, serial_shops, nicolae_square_shop, basic_altar,
          palyth_stone_intersect, moated_statue, roderic_filled_cross,
          nicolae_figureground_sparkle, uniq_crazy_yiuf_cottage
D:3:      layout_basic, nicolae_ecumenical_snake_handling, serial_shops,
          nicolae_shop_statue_plus, shop, nicolae_shop_hallway_plus,
          gup_sewer_entry_spiral, uniq_grinder
D:4:      layout_loops_ring, palyth_temple_overflow_mages, uniq_duvessa
D:5:      layout_basic
D:6:      wad_pebble_path, layout_loops_ring,
          chequers_temple_overflow_minitemple, kennysheep_generic_room_14,
          uniq_edmund, uniq_prince_ribbit1
D:7:      layout_cave_pods, minmay_temple_entry_statues, gammafunk_ghost_split,
          uniq_maggie
D:8:      layout_loops_ring, uniq_harold, uniq_pikel, uniq_psyche

Skill      XL: |  1  2  3  4  5  6  7  8  9 10 |
---------------+-------------------------------+-----
Axes           | 3 4 5 6 7 9 |  9.6
Fighting       | 4 5 6 7 8 9 |  9.2
Armour         | 4 5 6 7 8 |  8.3
Shields        | 4 5 7 8 |  8.5
Invocations    | 1 4 5 |  5.5

Action                   |  1- 3 |  4- 6 |  7- 9 | 10-12 || total
-------------------------+-------+-------+-------+-------++-------
Melee: War axe           |   100 |   162 |   367 |    58 ||   687
       Hand axe          |       |       |       |    61 ||    61
Throw: Stone             |       |     3 |       |       ||     3
       Dart              |       |       |       |     4 ||     4
       Javelin           |       |       |       |     4 ||     4
Invok: Convert to Beogh  |       |       |     1 |       ||     1
  Use: Scroll            |       |     1 |     8 |    11 ||    20
       Potion            |       |       |     7 |     4 ||    11
 Stab: Distracted        |       |     1 |       |       ||     1
Armor: Scale mail        |    44 |    54 |   154 |    34 ||   286
       Steam dragon scal |       |       |       |    14 ||    14
Dodge: Dodged            |    40 |    54 |   147 |    67 ||   308
Block: Buckler           |    25 |    37 |    94 |    40 ||   196
